 Dungeon Crawl Stone Soup version 0.24-a0-520-g8fd06ad0bc (webtiles) character file.

Game seed: 781127652856219204

3412 DasRunzen the Fighter (level 9, -5/82 HPs)
             Began as a Grey Draconian Berserker on July 24, 2019.
             Was a High Priest of Trog.
             Slain by a wyvern (6 damage)
             ... while petrified by a basilisk
             ... on level 9 of the Dungeon.
             The game lasted 00:13:30 (6661 turns).

DasRunzen the Fighter (Grey Draconian Berserker)    Turns: 6661, Time: 00:13:31

Health: -5/82      AC: 17    Str: 22    XL:     9   Next: 76%
Magic:  9/9        EV:  2    Int:  7    God:    Trog [*****.]
Gold:   567        SH:  0    Dex: 12    Spells: 8/8 levels left

rFire    . . .     SeeInvis .   m - +3 long sword (elec)
rCold    . . .     Gourm    .   (no shield)
rNeg     + + +     Faith    .   (armour unavailable)
rPois    ∞         Spirit   .   (helmet restricted)
rElec    .         Reflect  .   t - +2 cloak
rCorr    .         Harm     .   n - +1 pair of gloves
MR       .....                  (no boots)
Stlth    +++.......             (no amulet)
HPRegen  0.23/turn              s - ring of poison resistance
MPRegen  0.11/turn              (no ring)

@: petrified
A: walk through water, unfitting armour, camouflage 1, wild magic 1,
unbreathing, cold-blooded, MP-powered wands, AC +12
a: Berserk, Trog's Hand, Brothers in Arms, Renounce Religion


You were on level 9 of the Dungeon.
You worshipped Trog.
Trog was extremely pleased with you.
You were not hungry.

You visited 1 branch of the dungeon, and saw 9 of its levels.

You collected 567 gold pieces.

Inventory:

Hand Weapons
 a - a +1 hand axe
 m - a +3 long sword of electrocution (weapon)
 u - a +3 short sword of electrocution
Armour
 n - a +1 pair of gloves (worn)
 t - a +2 cloak (worn)
Jewellery
 s - a ring of poison resistance (left hand)
Wands
 d - a wand of iceblast (10)
 g - a wand of acid (9)
 h - a wand of enslavement (10)
 l - a wand of polymorph (5)
Scrolls
 c - a scroll of fog
 o - a scroll of blinking {unknown}
 q - 4 scrolls of teleportation
 r - a scroll of remove curse
Potions
 e - a potion of mutation
 f - 2 potions of cancellation {unknown}
 i - a potion of brilliance {unknown}
 j - 2 potions of magic {unknown}
 k - 2 potions of curing {unknown}
 p - 2 potions of haste {unknown}
Comestibles
 b - 17 rations


   Skills:
 + Level 8.5 Fighting
 + Level 4.8 Long Blades
 + Level 7.8 Axes
 + Level 7.1 Dodging
 + Level 3.4 Stealth


You had 8 spell levels left.
You didn't know any spells.
Your spell library was empty.

Dungeon Overview and Level Annotations

Branches:
Dungeon (9/15)             Temple (0/1) D:6
   Lair: D:8-11         Orc: D:9-12

Altars:
Fedhas
Gozag
Hepliaklqana
Makhleb
Qazlal
Uskayaw
Vehumet
The Shining One

Shops:
D:8 %


Innate Abilities, Weirdness & Mutations

You can walk through water.
Your dull iron-grey scales are very hard. (AC +12)
You cannot fit into any form of body armour.
You can survive without breathing.
You are cold-blooded and may be slowed by cold attacks.
Your skin changes colour to match your surroundings (Stealth+).
Your spells are a little harder to cast, but a little more powerful.
You expend magic power (3 MP) to strengthen your wands.


Message History

The steam dragon bites you.
The steam dragon claws you but does no damage.
The basilisk bites you! The wyvern bites you.
* * * LOW HITPOINT WARNING * * *
The wyvern bites you.
* * * LOW HITPOINT WARNING * * *
The crocodile bites you.
* * * LOW HITPOINT WARNING * * *
The steam dragon bites you!
* * * LOW HITPOINT WARNING * * *
The steam dragon claws you but does no damage.
The basilisk bites you but does no damage.
The wyvern bites you but does no damage.
The crocodile bites you!
* * * LOW HITPOINT WARNING * * *
The steam dragon barely misses you. x2; The basilisk completely misses you.
The wyvern bites you!
* * * LOW HITPOINT WARNING * * *
The wyvern bites you!
You die...

.. ## .## ###
####..### ..#
##...t....##
####.##....l#.....
##.###....t@D...... ##
###...........l..#...
.###........#.......#
.......###.#.#####.#.#
##.####.#..##.# #%##
### ##### ## ##


You could see a basilisk, a steam dragon, 2 crocodiles and a wyvern.

Vanquished Creatures
  Grinder (D:6)
  A hippogriff (D:9)
  Eustachio (D:6)
  A wyvern (D:9)
  A sky beast (D:8)
  An orc warrior (D:9)
  3 phantoms
  5 ogres
  2 black bears
  2 centaurs
  A big kobold (D:7)
  A crocodile (D:9)
  2 bullfrogs
  4 killer bees (D:8)
  A howler monkey (D:5)
  A hound (D:4)
  6 jellies
  Crazy Yiuf (D:6)
  A bullfrog skeleton (D:4)
  A centaur skeleton (D:4)
  3 worker ants
  4 iguanas
  3 orc wizards
  A hound zombie (D:6)
  A hound skeleton (D:3)
  8 adders
  A river rat (D:5)
  A shadow imp (D:8)
  9 oozes
  An adder zombie (D:5)
  An adder skeleton (D:8)
  2 worms
  2 dart slugs
  3 leopard geckos
  10 orcs
  2 ball pythons
  9 giant cockroaches
  7 hobgoblins
  13 jackals
  5 quokkas
  6 bats
  7 frilled lizards
  11 goblins
  14 kobolds
  2 quokka skeletons
  9 rats
172 creatures vanquished.

Vanquished Creatures (others)
  Maurice (D:8)
1 creature vanquished.

Grand Total: 173 creatures vanquished

Notes
Turn   | Place    | Note
-------+----------+-------------------------------------------
     0 | D:1      | DasRunzen the Draconian Berserker began the quest for the
                  | Orb.
     0 | D:1      | Reached XP level 1. HP: 19/19 MP: 1/1
   120 | D:1      | Reached XP level 2. HP: 14/26 MP: 2/2
   493 | D:1      | Reached ** piety under Trog
   727 | D:1      | Reached XP level 3. HP: 33/33 MP: 3/3
  1352 | D:2      | Reached skill level 4 in Fighting
  1565 | D:2      | Found a hide-covered altar of Uskayaw.
  1663 | D:2      | Found a blossoming altar of Fedhas.
  2034 | D:3      | Reached XP level 4. HP: 27/40 MP: 4/4
  2460 | D:3      | Reached XP level 5. HP: 34/47 MP: 5/5
  2558 | D:3      | Found a radiant altar of Vehumet.
  2568 | D:3      | Found a glowing golden altar of the Shining One.
  2722 | D:3      | Reached *** piety under Trog
  2984 | D:4      | Found a burning altar of Makhleb.
  3283 | D:4      | Noticed a phantom
  3355 | D:4      | Killed a phantom
  3355 | D:4      | Reached skill level 5 in Fighting
  3355 | D:4      | Reached XP level 6. HP: 23/56 MP: 6/6
  3615 | D:4      | Reached skill level 5 in Axes
  3828 | D:5      | Entered Level 5 of the Dungeon
  3874 | D:5      | Your scales start taking on a dull iron-grey colour.
  3874 | D:5      | Reached XP level 7. HP: 58/62 MP: 7/7
  3874 | D:5      | Gained mutation: You can survive without breathing. [Grey
                  | Draconian growth]
  3998 | D:5      | Found a glowing drain.
  4271 | D:5      | Reached skill level 6 in Fighting
  4271 | D:5      | Reached skill level 5 in Dodging
  4496 | D:6      | Noticed Eustachio
  4509 | D:6      | Killed Eustachio
  4528 | D:6      | Found an opulent altar of Gozag.
  4829 | D:6      | Found a staircase to the Ecumenical Temple.
  4982 | D:6      | Found a hazy altar of Hepliaklqana.
  4998 | D:6      | Reached skill level 1 in Long Blades
  5001 | D:6      | Reached XP level 8. HP: 42/71 MP: 8/8
  5167 | D:6      | Noticed Grinder
  5175 | D:6      | Killed Grinder
  5175 | D:6      | Reached skill level 7 in Fighting
  5193 | D:6      | Found a runed translucent door.
  5194 | D:6      | Noticed Crazy Yiuf
  5345 | D:6      | Killed Crazy Yiuf
  5355 | D:6      | Gained mutation: You expend magic power (3 MP) to
                  | strengthen your wands. [potion of mutation]
  5355 | D:6      | Gained mutation: Your spells are a little harder to cast,
                  | but a little more powerful. [potion of mutation]
  5355 | D:6      | Gained mutation: Your skin changes colour to match your
                  | surroundings (Stealth+). [potion of mutation]
  5396 | D:7      | Reached **** piety under Trog
  5430 | D:7      | You fall into a shaft and drop 2 floors!
  5431 | D:9      | Found a stormy altar of Qazlal.
  5676 | D:8      | Reached skill level 1 in Stealth
  5692 | D:8      | Reached XP level 9. HP: 49/80 MP: 9/9
  5881 | D:8      | Noticed Maurice
  5890 | D:8      | Killed Maurice
  6216 | D:8      | Found Ulukeuc's Food Emporium.
  6325 | D:8      | Reached skill level 8 in Fighting
  6581 | D:9      | Reached ***** piety under Trog
  6660 | D:9      | HP: 1/82 [wyvern (6)]
  6661 | D:9      | Slain by a wyvern

Levels and vault maps discovered:
D:1:      saegor_arrival_simple_d, layout_loops_corners
D:2:      layout_basic, fedhas_altar_4, eat_drink_and_be_merry_uskayaw,
          minmay_misc_feat_ornament
D:3:      layout_loops_corners, amethyst_overflow_temple_binary, minmay_cupped
D:4:      minmay_diamond_boxcup, layout_loops_ring, marbit_many_paths
D:5:      layout_basic, gup_sewer_entry_bowl, first_ration
D:6:      layout_basic, lemuel_coloured_pillars_altar,
          minmay_temple_entry_enclosed_plants, basic_altar, uniq_grinder,
          uniq_eustachio, uniq_crazy_yiuf_cottage
D:7:      minmay_octagon_keep, layout_basic
D:8:      layout_basic, serial_shops, kennysheep_mini_moat,
          hangedman_little_slice_of_home, uniq_maurice
D:9:      layout_gridville, grunt_qazlal_sundering, erik_lair_dragon,
          uniq_harold

Skill      XL: |  1  2  3  4  5  6  7  8  9 |
---------------+----------------------------+-----
Dodging        | 3 4 5 6 7 |  7.1
Fighting       | 4 5 6 7 8 |  8.5
Axes           | 4 5 6 7 |  7.8
Long Blades    | 1 3 4 |  4.8
Stealth        | 1 3 |  3.4

Action                   |  1- 3 |  4- 6 |  7- 9 || total
-------------------------+-------+-------+-------++-------
Melee: Hand axe          |   161 |   156 |    63 ||   380
       Tailslap          |    10 |    19 |    41 ||    70
       Long sword        |       |       |   151 ||   151
Invok: Berserk           |       |     3 |       ||     3
       Trog's Hand       |       |     1 |       ||     1
  Use: Scroll            |     4 |     2 |     7 ||    13
       Potion            |       |       |     1 ||     1
 Stab: Sleeping          |     1 |     1 |     6 ||     8
  Eat: Chunk             |     3 |     5 |    10 ||    18
       Ration            |       |     1 |       ||     1
Armor: Skin              |    65 |    31 |   110 ||   206
Dodge: Dodged            |   111 |   112 |   184 ||   407
       Rpst.: Long sword |       |       |    43 ||    43

Table legend:
 A = Non-vault XP
 B = Vault XP
 C = Vault XP percentage of total XP
 D = Non-vault monster count
 E = Vault monster count
 F = Vault count percentage of total count
                 A         B        C        D         E       F
            +---------+---------+-------+---------+---------+-------
      Total |    3389 |    1486 |  30.5 |     145 |      28 |  16.2
            +---------+---------+-------+---------+---------+-------
        D:1 |      59 |       0 |   0.0 |      31 |       0 |   0.0
        D:2 |      34 |       0 |   0.0 |      17 |       0 |   0.0
        D:3 |     133 |      24 |  15.3 |      21 |       3 |  12.5
        D:4 |     219 |     139 |  38.8 |       8 |       7 |  46.7
        D:5 |     342 |      19 |   5.3 |      14 |       4 |  22.2
        D:6 |     394 |     525 |  57.1 |      11 |       3 |  21.4
        D:7 |     350 |       0 |   0.0 |      12 |       0 |   0.0
        D:8 |    1196 |     485 |  28.9 |      21 |       9 |  30.0
        D:9 |     662 |     294 |  30.8 |      10 |       2 |  16.7
            +---------+---------+-------+---------+---------+-------
